 Dungeon Crawl Stone Soup version 0.29-a0-371-g91724d5b39 (webtiles) character file.

Game seed: 5443482674810654872

163 happo123 the Bolt Thrower (level 5, 0/48 HPs)
             Began as a Deep Dwarf Hunter on May 2, 2022.
             Was a Follower of Wu Jian.
             Slain by a gnoll shaman
             ... wielding a +0 whip
              (7 damage)
             ... on level 3 of the Dungeon.
             The game lasted 00:36:03 (3403 turns).

happo123 the Bolt Thrower (Deep Dwarf Hunter)       Turns: 3403, Time: 00:36:04

Health: 0/48       AC:  3    Str: 21    XL:     5   Next: 20%
Magic:  5/5        EV: 13    Int:  9    God:    Wu Jian [*.....]
Gold:   136        SH:  0    Dex: 18    Spells: 4/4 levels left

rFire   . . .      SeeInvis .   a - +1 hand crossbow
rCold   + . .      Faith    +   (no shield)
rNeg    . . .      Spirit   .   b - +0 leather armour
rPois   .          Reflect  .   (no helmet)
rElec   .          Harm     .   (no cloak)
rCorr   .          Rampage  .   (no gloves)
Will    .....                   (no boots)
Stlth   ++........              w - amulet of faith
HPRegen 0.00/turn               q - +6 ring of strength
MPRegen 0.09/turn               s - ring of protection from cold

@: no status effects
A: damage resistance, heal wounds, sense surroundings 1, no regeneration
a: Heal Wounds, Renounce Religion


You were on level 3 of the Dungeon.
You worshipped Wu Jian.
Wu Jian was aware of your devotion.
You visited 1 branch of the dungeon, and saw 4 of its levels.

You collected 136 gold pieces.

Inventory:

Hand Weapons
 a - a +1 hand crossbow (weapon)
 f - a +0 hand axe
Missiles
 d - 15 poisoned darts
Armour
 b - a +0 leather armour (worn)
 u - a +0 kite shield
Magical Staves
 p - a staff of death
Jewellery
 n - an amulet of regeneration
 q - a +6 ring of strength (left hand)
 s - a ring of protection from cold (right hand)
 w - an amulet of faith (around neck)
Wands
 o - a wand of iceblast (10)
Scrolls
 c - a scroll of immolation
 g - a scroll of magic mapping {unknown}
 h - 2 scrolls of noise {unknown}
 j - 5 scrolls of identify {unknown}
 k - 2 scrolls of summoning {unknown}
 l - a scroll of teleportation {unknown}
 m - 4 scrolls of enchant weapon {unknown}
 r - a scroll of fog {unknown}
 v - a scroll of blinking {unknown}
 y - a scroll of fear {unknown}
Potions
 e - 3 potions of lignification {unknown}
 i - 3 potions of ambrosia {unknown}
 t - a potion of curing {unknown}
 x - a potion of heal wounds {unknown}


   Skills:
 + Level 2.9 Fighting
 + Level 5.1 Crossbows
 + Level 3.5 Dodging
 + Level 3.5 Stealth


You had 4 spell levels left.
You didn't know any spells.
Your spell library contained the following spells:

 Spells                   Type           Power      Damage    Failure   Level
 Corpse Rot               Necr/Air       0%         N/A       56%         2
 Gell's Gravitas          Tloc           0%         N/A       80%         3
 Inner Flame              Hex/Fire       0%         N/A       80%         3
 Lesser Beckoning         Tloc           0%         N/A       80%         3
 Teleport Other           Tloc           0%         N/A       80%         3
 Cause Fear               Hex            0%         N/A       99%         4
 Dispel Undead            Necr           0%         3d6       99%         4
 Death Channel            Necr           0%         N/A       100%        6
 Discord                  Hex            0%         N/A       100%        8


Dungeon Overview and Level Annotations

Branches:
Dungeon (4/15)
 Temple: D:4-7

Altars:
Wu Jian
Xom


Innate Abilities, Weirdness & Mutations

You are resistant to damage.
You can heal yourself by infusing magical energy.
You passively map a small area around you.
You do not regenerate.


Message History

The gnoll shaman hits you with a +0 whip.
* * * LOW HITPOINT WARNING * * *
You feel much better. The gnoll shaman completely misses you.
Shoot: a) +1 hand crossbow
Press: ? - help, Shift-Dir - straight line, f/p - gnoll shaman
Aim: a gnoll shaman, wielding a +0 whip and wearing a +0 leather armour (severely wounded, 69% to hit)
You shoot a bolt.
The bolt barely misses the gnoll shaman.
The gnoll shaman hits you with a +0 whip!
* * * LOW HITPOINT WARNING * * *
Shoot: a) +1 hand crossbow
Press: ? - help, Shift-Dir - straight line, f/p - gnoll shaman
Aim: a gnoll shaman, wielding a +0 whip and wearing a +0 leather armour (severely wounded, 69% to hit)
You shoot a bolt.
The bolt hits the gnoll shaman but does no damage.
The gnoll shaman is severely wounded.
The gnoll shaman utters an invocation to its god.
The gnoll shaman is healed somewhat.
Shoot: a) +1 hand crossbow
Press: ? - help, Shift-Dir - straight line, f/p - gnoll shaman
Aim: a gnoll shaman, wielding a +0 whip and wearing a +0 leather armour (moderately wounded, 69% to hit)
You shoot a bolt.
The bolt hits the gnoll shaman but does no damage.
The gnoll shaman is moderately wounded.
The gnoll shaman calls down the wrath of its god upon you.
You easily resist.
Shoot: a) +1 hand crossbow
Press: ? - help, Shift-Dir - straight line, f/p - gnoll shaman
Aim: a gnoll shaman, wielding a +0 whip and wearing a +0 leather armour (moderately wounded, 69% to hit)
You shoot a bolt. The bolt hits the gnoll shaman!
The gnoll shaman is severely wounded.
The gnoll shaman barely misses you. The gnoll shaman closely misses you.
Shoot: a) +1 hand crossbow
Press: ? - help, Shift-Dir - straight line, f/p - gnoll shaman
Aim: a gnoll shaman, wielding a +0 whip and wearing a +0 leather armour (severely wounded, 69% to hit)
You shoot a bolt.
The bolt hits the gnoll shaman but does no damage.
The gnoll shaman is severely wounded.
The gnoll shaman hits you with a +0 whip!
You die...

....# #.#.#..## #.##.# #.#.#
.##.# #.#.#...# #.##.#####.#.#
.)#.# #.#.##..# #.##.......#.#
..#.# #.#.##..# #.########.#.##
..#.# #.#.##..####.#######......
..#.####.#.##................##.#
.........#............#......†..#
#.#.#####......)......#.........#
...............g@..>..#.........#
....##....#...........#.........#
#.####....#.##........#.........#
#.#########..........#######'##..
..................#..#######.####
#.#######...###..................
....# #.#.###'#............###.
#.#.# #.#..........######### #.
#.#.# #.#.............# #.


You could see a gnoll shaman.

Vanquished Creatures
  A scorpion (D:2)
  2 gnolls
  2 adders (D:2)
  A dart slug (D:2)
  An orc (D:3)
  8 endoplasms
  3 giant cockroaches
  8 goblins
  8 hobgoblins
  3 quokkas
  7 ball pythons
  4 bats
  A frilled lizard (D:3)
  6 kobolds
  2 rats (D:2)
57 creatures vanquished.

Notes
Turn   | Place    | Note
-------+----------+-------------------------------------------
     0 | D:1      | happo123 the Deep Dwarf Hunter began the quest for the Orb.
     0 | D:1      | Reached XP level 1. HP: 19/19 MP: 1/1
   213 | D:1      | Reached XP level 2. HP: 26/26 MP: 2/2
  1555 | D:2      | Reached XP level 3. HP: 29/32 MP: 3/3
  1865 | D:2      | Noticed a scorpion
  1873 | D:2      | Killed a scorpion
  1874 | D:2      | Reached skill level 5 in Crossbows
  1874 | D:2      | Reached XP level 4. HP: 25/40 MP: 4/4
  2242 | D:3      | Found a shimmering altar of Xom.
  2744 | D:3      | Reached XP level 5. HP: 25/48 MP: 5/5
  3229 | D:3      | Found a faded altar of an unknown god.
  3238 | D:3      | Prayed at the altar of an unknown god.
  3238 | D:3      | Became a worshipper of the Wu Jian Council
  3238 | D:3      | Reached * piety under Wu Jian
  3397 | D:3      | HP: 1/48 [gnoll shaman/+0 whip (4)]
  3403 | D:3      | Slain by a gnoll shaman

Illustrated notes

Levels and vault maps discovered:
D:1:      dpeg_arrival_signposts, layout_basic
D:2:      layout_basic, minmay_domino_4
D:3:      layout_basic, brannock_xom_greatest_gift,
          ebering_ecumenical_altar_ruins
D:4:      layout_basic, okawaru_trees_1, mainiacjoe_overflow_24_doors,
          serial_corexii_hall, chequers_hall_statues_y, corexii_hall_statues_l,
          corexii_hall_statues_s, corexii_hall_statues_u,
          corexii_hall_statues_s, chequers_hall_statues_corner_a,
          nicolae_shop_overcharged_wands

Skill      XL: |  1  2  3 |
---------------+----------+-----
Fighting       | 2 |  2.9
Stealth        | 2 3 |  3.5
Crossbows      | 5 |  5.1
Dodging        | 3 |  3.5

Action                   |  1- 3 |  4- 6 || total
-------------------------+-------+-------++-------
Melee: Hand axe          |       |     1 ||     1
       Punch             |       |     1 ||     1
 Fire: Hand crossbow     |    75 |    71 ||   146
Invok: Whirlwind         |       |     1 ||     1
 Abil: Heal Wounds       |       |     1 ||     1
Armor: Leather armour    |     2 |       ||     2
Dodge: Dodged            |    11 |    37 ||    48

Table legend: (Time is in decaauts)
 A = Elapsed time spent in this place.
 B = Non-inter-level travel time spent in this place.
 C = Inter-level travel time spent in this place.
 D = Time resting spent in this place.
 E = Time spent auto-exploring this place.
 F = Levels seen in this place.
 G = Mean time per level.
                   A        B        C        D        E       F      G
               +--------+--------+--------+--------+--------+-----+--------+
         Total |   3441 |    739 |   2702 |      0 |    280 |   4 |  860.2 |
       Dungeon |   3441 |    739 |   2702 |      0 |    280 |   4 |  860.2 |
               +--------+--------+--------+--------+--------+-----+--------+

Top non-repeatable levels by time:
     D:3: 1171 daAuts
     D:2: 1126 daAuts
     D:1: 1101 daAuts
     D:4: 42 daAuts
